 Dungeon Crawl Stone Soup version 0.31-a0-1098-g6898e6545c (webtiles) character file.

Game seed: 2260923154188483392

532 kae the Sneak (level 7, 0/50 HPs)
             Began as a Demonspawn Enchanter on Nov 30, 2023.
             Succumbed to a gnoll's poison
             ... on level 5 of the Dungeon.
             The game lasted 00:03:49 (4776 turns).

kae the Sneak (Demonspawn Enchanter)                Turns: 4776, Time: 00:03:50

Health: 0/50       AC:  3    Str: 10    XL:     7   Next: 3%
Magic:  11/11      EV: 14    Int: 22    God:
Gold:   216        SH:  0    Dex: 13    Spells: 3/11 levels left

rFire   . . .        a - +2 dagger
rCold   . . .        (no shield)
rNeg    . . .        b - +1 robe
rPois   .            (no helmet)
rElec   .            (no cloak)
rCorr   .            (no gloves)
SInv    .            (no boots)
Will    .....        (no amulet)
Stlth   +++          I - +6 ring of intelligence
HPRegen 0.28/turn    (no ring)
MPRegen 0.12/turn

%: no passive effects
@: lethally poisoned (0 -> -9)
A: repulsion field 1, foul stench 2
a: no special abilities


You were on level 5 of the Dungeon.
You visited 1 branch of the dungeon, and saw 5 of its levels.

You collected 216 gold pieces.


Innate Abilities, Weirdness & Mutations

You are surrounded by a mild repulsion field. (EV +2)
You sometimes emit foul miasma when damaged in melee.


   Skills:
 + Level 2.2 Fighting
 * Level 3.4 Short Blades
 + Level 2.9 Dodging
 * Level 4.4 Stealth
 + Level 2.9 Spellcasting
 * Level 4.1 Hexes


You had 3 spell levels left.
You knew the following spells:

 Your Spells              Type           Power      Damage    Failure   Level
a - Ensorcelled Hibernat  Hex/Ice        24%        N/A       9%          2
b - Confusing Touch       Hex            21%        N/A       7%          3
c - Tukima's Dance        Hex            21%        N/A       7%          3

Your spell library contained the following spells:

 Spells                   Type           Power      Damage    Failure   Level
 Necrotise                Necr           12%        1d4       13%         1
 Dazzling Flash           Conj/Hex       24%        N/A       16%         3
 Blink                    Tloc           6%         N/A       19%         2
 Lesser Beckoning         Tloc           6%         N/A       19%         2
 Momentum Strike          Conj/Tloc      6%         3d8       19%         2
 Vampiric Draining        Necr           3%         2d6       36%         3
 Agony                    Necr           3%         N/A       98%         5

Inventory:

Hand Weapons
 a - a +2 dagger (weapon)
Missiles
 d - 58 stones
 e - 2 atropa-tipped darts
 n - 7 boomerangs
Armour
 b - a +1 robe (worn)
Magical Staves
 r - a staff of death {!a}
   (You found it on level 5 of the Dungeon)
Jewellery
 v - a ring of see invisible
   (You found it on level 3 of the Dungeon)
 I - a +6 ring of intelligence (left hand)
   (You found it on level 1 of the Dungeon)
Scrolls
 j - a scroll of silence {!r}
 o - a scroll of amnesia {unknown}
 q - a scroll of summoning
Potions
 c - 2 potions of invisibility
 f - a potion of lignification {!q}
 g - a potion of ambrosia
 h - a potion of degeneration {unknown}
 i - a potion of brilliance
 k - a potion of enlightenment
 l - a potion of magic
 m - 2 potions of might
 p - a potion of mutation {unknown}

Dungeon Overview and Level Annotations

Branches:
Dungeon (5/15) Zot: 25261
 Temple: D:4-7

Altars:
Ashenzari
Nemelex Xobeh
Xom

Shops:
D:4 =

Annotations:
D:2 1 runed translucent door, Crazy Yiuf, Sigmund

# #<#..# #.#..# #.#..#
#.#..# #.#..### g......
#.#....## ..g....
..#.##..# 5.../..
###.###.###### ....... #
..# #@##...# .......
#.#######5##...# .......
#........g##...####g......
#............5.........#
#........##...............
+........###....####......
#........# ###..# .##..#
#........# #..# # ..
#........# #..# .


You could see a gnoll and a white imp.


Message History

A gnoll is nearby!
A gnoll is nearby!
You start waiting.
A gnoll is nearby!
The gnoll barely misses you. The gnoll closely misses you.
You barely miss the gnoll. The gnoll hits you with a +0 spear.
You emit a cloud of foul miasma! 😕 HP[-1]
You take 1 damage, and now have 49/50 hp.
You hit the gnoll.
The gnoll is engulfed in dark miasma.
The gnoll is poisoned.
The gnoll hits you with a +0 spear.
You closely miss the gnoll.
The gnoll is engulfed in dark miasma.
The gnoll looks even sicker.
The gnoll hits you with a +0 spear. 😕 HP[-6]
You take 6 damage, and now have 43/50 hp.
You hit the gnoll. You hit the gnoll.
You kill the gnoll! 😕 HP[+1]
You see here a +0 spear.
A gnoll bouda and a gnoll come into view.
The gnoll is wielding a +0 spear of venom.
The gnoll shouts!
The gnoll bouda shouts!
The gnoll moves out of view.
The white imp shouts, "Give up, thou currish dizzy-eyed ratsbane!" 😎 HP[+6]
Your hp is fully restored (50).
There are monsters nearby!
There are monsters nearby!
You see here a +0 spear.
Casting: Ensorcelled Hibernation (safe; 9% risk of failure)
Confirm with . or Enter, or press ? or * to list all spells.
Your hands begin to glow red.
The white imp gestures at you. The puff of frost misses you.
The white imp gestures at you.
The puff of frost hits you! 😕 HP[-10] MP[-3]
You take 10 damage, and now have 40/50 hp.
You lost 3 mp, and now have 8/11 mp. 😕 HP[+1]
The white imp gestures at you. The puff of frost hits you!
You are too injured to fight recklessly! 😮 HP[-8]
You take 8 damage, and now have 33/50 hp.
You are too injured to fight recklessly!
You are too injured to fight recklessly!
You are too injured to fight recklessly!
You are too injured to fight recklessly!
You barely miss the white imp. The white imp barely misses you.
Unknown command.
You barely miss the white imp. The white imp hits you.
The white imp freezes you.
You emit a cloud of foul miasma! 😮 HP[-5]
You take 5 damage, and now have 28/50 hp.
You barely miss the white imp. The gnoll closely misses you.
The white imp completely misses you.
You hit the white imp but do no damage. The gnoll completely misses you.
The white imp hits you. The white imp freezes you.
* * * LOW HITPOINT WARNING * * *
😨 HP[-5] MP[+1]
You take 5 damage, and now have 23/50 hp.
You closely miss the white imp.
The gnoll hits you from afar with a +0 spear of venom.
* * * LOW HITPOINT WARNING * * *
You are poisoned. 😨 HP[-2]
You take 2 damage, and now have 21/50 hp.
You closely miss the white imp.
You feel sick.
The white imp hits you but does no damage. 😨 HP[-2]
You take 2 damage, and now have 19/50 hp.
Unknown command.
You hit the white imp but do no damage.
You feel sick.
The gnoll hits you from afar with a +0 spear of venom.
* * * LOW HITPOINT WARNING * * *
You are more poisoned.
The white imp shouts, "Flee, thou clouted doghearted deadneck!"
The white imp gestures at you. The puff of frost hits you.
* * * LOW HITPOINT WARNING * * *
😱 HP[-7]
You take 7 damage, and now have 12/50 hp.
Unknown command.
You completely miss the white imp.
Your hands stop glowing.
* * * LOW HITPOINT WARNING * * *
You feel sick.
The gnoll hits you from afar with a +0 spear of venom.
* * * LOW HITPOINT WARNING * * *
The white imp gestures at you. The puff of frost hits you.
* * * LOW HITPOINT WARNING * * *
😱 HP[-10]
You take 10 damage, and now have 2/50 hp.
Unknown command.
It was a potion of magic.
Magic courses through your body.
You die...

Skill      XL: |  1  2  3  4  5  6 |
---------------+-------------------+-----
Short Blades   | 1 2 3 |  3.4
Stealth        | 3 4 |  4.4
Dodging        | 2 |  2.9
Fighting       | 1 2 |  2.2
Hexes          | 4 |  4.1
Spellcasting   | |  2.9

Action                     |  1- 3 |  4- 6 |  7- 9 || total
---------------------------+-------+-------+-------++-------
  Melee: Dagger            |   133 |   196 |    13 ||   342
         Punch             |     2 |     4 |       ||     6
   Cast: Ensorcelled Hiber |     7 |    13 |       ||    20
         Confusing Touch   |       |     2 |     1 ||     3
    Use: Scroll            |     2 |    10 |       ||    12
         Potion            |       |       |     1 ||     1
   Stab: Sleeping          |     6 |    16 |       ||    22
         Confused          |       |     4 |       ||     4
 Armour: Robe              |    74 |    86 |    13 ||   173
  Dodge: Dodged            |    86 |    86 |     7 ||   179

Levels and vault maps discovered:
D:1:      wander_arrival_peaceful_grave, layout_loops_cross, minmay_pentomino_w2
D:2:      layout_basic, hex_medium, uniq_crazy_yiuf_cottage, uniq_jessica,
          uniq_sigmund
D:3:      layout_basic, lemuel_tele_altar, xom_redecorated,
          nicolae_overflow_ecumenical_swirl, nicolae_ecumenical_snake_handling,
          chequers_serial_rivers_small_3
D:4:      layout_basic, serial_shops, shop, minmay_misc_feat_diagonals,
          uniq_eustachio
D:5:      layout_basic

Notes
Turn   | Place    | Note
-------+----------+-------------------------------------------
     0 | D:1      | kae the Demonspawn Enchanter began the quest for the Orb.
     0 | D:1      | Reached XP level 1. HP: 13/13 MP: 3/3
     0 | D:1      | magus.rc [v1.11.3]
   114 | D:1      | You pick up a book of Necromancy and begin reading...
   114 | D:1      | You add the spells Necrotise, Vampiric Draining and Agony
                  | to your library.
   122 | D:1      | Reached skill level 1 in Short Blades
   297 | D:1      | Gained mutation: You may rarely emit foul miasma when
                  | damaged in melee. [demonic ancestry]
   297 | D:1      | Reached XP level 2. HP: 11/19 MP: 5/5
   498 | D:1      | Learned a level 2 spell: Ensorcelled Hibernation
   561 | D:1      | Reached skill level 3 in Stealth
   809 | D:2      | Reached XP level 3. HP: 23/25 MP: 6/6
   813 | D:2      | Learned a level 3 spell: Confusing Touch
   823 | D:2      | Noticed Sigmund
   874 | D:1      | Reached skill level 2 in Dodging
  1296 | D:2      | Noticed Jessica
  1303 | D:2      | Killed Jessica
  1304 | D:2      | Reached skill level 1 in Fighting
  1304 | D:2      | Reached skill level 2 in Short Blades
  1304 | D:2      | Gained mutation: You sometimes emit foul miasma when
                  | damaged in melee. [demonic ancestry]
  1304 | D:2      | Reached XP level 4. HP: 32/32 MP: 7/7
  1702 | D:2      | Found a runed translucent door.
  1703 | D:2      | Noticed Crazy Yiuf
  2364 | D:3      | Found a shimmering altar of Xom.
  2364 | D:3      | Found a shimmering altar of Xom.
  2364 | D:3      | Found a shimmering altar of Xom.
  2364 | D:3      | Found a shimmering altar of Xom.
  2365 | D:3      | Found a shimmering altar of Xom.
  2365 | D:3      | Found a shimmering altar of Xom.
  2365 | D:3      | Found a shimmering altar of Xom.
  2366 | D:3      | Found a shimmering altar of Xom.
  2390 | D:3      | Found a sparkling altar of Nemelex Xobeh.
  2477 | D:3      | Found a faded altar of an unknown god.
  2481 | D:3      | Gained mutation: You are surrounded by a mild repulsion
                  | field. (EV +2) [demonic ancestry]
  2481 | D:3      | Reached XP level 5. HP: 35/37 MP: 5/8
  2678 | D:3      | Found a faded altar of an unknown god.
  2723 | D:3      | You pick up a book of Spatial Translocations and begin
                  | reading...
  2723 | D:3      | You add the spells Blink, Momentum Strike and Lesser
                  | Beckoning to your library.
  2797 | D:3      | Found a broken altar of Ashenzari.
  3243 | D:4      | Noticed a phantom
  3259 | D:4      | Killed a phantom
  3364 | D:4      | Reached XP level 6. HP: 44/44 MP: 10/10
  3368 | D:4      | Learned a level 3 spell: Tukima's Dance
  3525 | D:4      | Reached skill level 4 in Stealth
  3627 | D:4      | Noticed Eustachio
  3649 | D:4      | Killed Eustachio
  3650 | D:4      | Reached skill level 2 in Fighting
  3650 | D:4      | Reached skill level 3 in Short Blades
  4137 | D:4      | Found Xutudena's Jewellery Boutique.
  4221 | D:4      | You pick up a book of Necromancy and begin reading...
  4403 | D:4      | Reached skill level 4 in Hexes
  4405 | D:4      | HP: 5/44 [something/magic dart (8)]
  4633 | D:5      | Entered Level 5 of the Dungeon
  4669 | D:5      | Reached XP level 7. HP: 50/50 MP: 8/11
  4774 | D:5      | HP: 12/50 [white imp/puff of frost (6)]
  4775 | D:5      | HP: 2/50 [white imp/puff of frost (6)]
  4776 | D:5      | Succumbed to a gnoll's poison

Vanquished Creatures
  Eustachio (D:4)
  A phantom (D:4)
  A hound (D:3)
  A jelly (D:5)
  Jessica (D:2)
  2 orc wizards (D:4)
  A gnoll (D:5)
  8 adders
  2 worms (D:4)
  2 dart slugs
  11 orcs
  9 ball pythons
  4 endoplasms
  5 giant cockroaches
  10 goblins
  11 hobgoblins
  7 jackals
  2 quokkas
  6 bats
  A frilled lizard (D:3)
  4 kobolds
  4 rats
94 creatures vanquished.

Table legend:
 A = Non-vault XP
 B = Vault XP
 C = Vault XP percentage of total XP
 D = Non-vault monster count
 E = Vault monster count
 F = Vault count percentage of total count
                 A         B        C        D         E       F
            +---------+---------+-------+---------+---------+-------
      Total |     508 |     252 |  33.2 |      87 |       7 |   7.4
            +---------+---------+-------+---------+---------+-------
        D:1 |      46 |       2 |   4.2 |      20 |       1 |   4.8
        D:2 |      76 |      37 |  32.7 |      22 |       1 |   4.3
        D:3 |      86 |      28 |  24.6 |      20 |       4 |  16.7
        D:4 |     243 |     185 |  43.2 |      23 |       1 |   4.2
        D:5 |      57 |       0 |   0.0 |       2 |       0 |   0.0
            +---------+---------+-------+---------+---------+-------

Skill      XL: |  1  2  3  4  5  6 |
---------------+-------------------+-----
Short Blades   | 1 2 3 |  3.4
Stealth        | 3 4 |  4.4
Dodging        | 2 |  2.9
Fighting       | 1 2 |  2.2
Hexes          | 4 |  4.1
Spellcasting   | |  2.9

Action                     |  1- 3 |  4- 6 |  7- 9 || total
---------------------------+-------+-------+-------++-------
  Melee: Dagger            |   133 |   196 |    13 ||   342
         Punch             |     2 |     4 |       ||     6
   Cast: Ensorcelled Hiber |     7 |    13 |       ||    20
         Confusing Touch   |       |     2 |     1 ||     3
    Use: Scroll            |     2 |    10 |       ||    12
         Potion            |       |       |     1 ||     1
   Stab: Sleeping          |     6 |    16 |       ||    22
         Confused          |       |     4 |       ||     4
 Armour: Robe              |    74 |    86 |    13 ||   173
  Dodge: Dodged            |    86 |    86 |     7 ||   179

Illustrated notes

Table legend:
 A = Kills in this place as a percentage of kills in the entire game.
 B = Kills by you in this place as a percentage of kills by you in the entire game.
 C = Kills by friends in this place as a percentage of kills by friends in the entire game.
 D = Other kills in this place as a percentage of other kills in the entire game.
 E = Experience gained in this place as a percentage of experience gained in the entire game.
 F = Experience gained in this place divided by the number of levels of this place that you have seen.
                   A       B       C       D       E      F
               +-------+-------+-------+-------+-------+----------------------
         Total | 100.0 | 100.0 |   N/A |   N/A | 100.0 | 152.0
       Dungeon | 100.0 | 100.0 |   N/A |   N/A | 100.0 | 152.0
               +-------+-------+-------+-------+-------+----------------------

Table legend: (Time is in decaauts)
 A = Elapsed time spent in this place.
 B = Non-inter-level travel time spent in this place.
 C = Inter-level travel time spent in this place.
 D = Time resting spent in this place.
 E = Time spent auto-exploring this place.
 F = Levels seen in this place.
 G = Mean time per level.
                   A        B        C        D        E       F      G
               +--------+--------+--------+--------+--------+-----+--------+
         Total |   4738 |   4560 |    178 |    137 |   3595 |   5 |  947.6 |
       Dungeon |   4738 |   4560 |    178 |    137 |   3595 |   5 |  947.6 |
               +--------+--------+--------+--------+--------+-----+--------+

Top non-repeatable levels by time:
     D:4: 1370 daAuts
     D:2: 1288 daAuts
     D:3: 1119 daAuts
     D:1: 820 daAuts
     D:5: 140 daAuts
